 Dungeon Crawl Stone Soup version 0.17.0-17-ge4ba49f (console) character file.

202 Kramin the Poker (level 5, -5/38 HPs)
             Began as a Merfolk Necromancer on Nov 11, 2015.
             Killed by nerve-wracking pain
             ... invoked by Grinder
              (10 damage)
             ... on level 4 of the Dungeon.
             The game lasted 00:08:58 (3883 turns).

Kramin the Poker (Merfolk Necromancer)              Turns: 3883, Time: 00:08:59

Health: -5/38      AC:  1    Str:  8    XL:     5   Next: 80%
Magic:  8/8        EV: 14    Int: 14    God:
Gold:   170        SH:  0    Dex: 16    Spells: 2 memorised, 4 levels left

rFire  . . .     SeeInvis .     a - +0 spear
rCold  . . .     Clarity  .     u - -2 robe (curse)
rNeg   . . .     SustAt   .     (no shield)
rPois  .         Gourm    .     (no helmet)
rElec  .         Spirit   .     (no cloak)
rCorr  .         Warding  .     k - +0 pair of gloves
rMut   .         Stasis   .     (no boots)
MR     .....                    q - amulet of rage
Stlth  ++........               (no ring)
                                (no ring)

@: not resistant to hostile enchantments, unstealthy
A: change form in water, swift swim
a: Evoke Berserk Rage


You were on level 4 of the Dungeon.
You were not hungry.

You visited 1 branch of the dungeon, and saw 4 of its levels.

You collected 170 gold pieces.

Inventory:

Hand Weapons
 a - a +0 spear (weapon)
Armour
 k - a +0 pair of gloves (worn)
 r - a +0 leather armour
 u - a cursed -2 robe (worn)
Jewellery
 q - an amulet of rage (around neck)
Scrolls
 l - a scroll of blinking
 o - a scroll of recharging
Potions
 d - a potion of curing
 e - a potion of haste
 f - a potion of brilliance
 g - a potion of agility
 i - a potion of invisibility
Books
 b - a book of Necromancy

   Spells                             Type                      Level
   a - Pain                           Necromancy                   1
   b - Animate Skeleton               Necromancy                   1
   c - Vampiric Draining              Necromancy                   3
   d - Regeneration                   Charms/Necromancy            3
   e - Animate Dead                   Necromancy                   4
   f - Control Undead                 Necromancy                   4
Comestibles
 c - 5 bread rations
 j - a meat ration


   Skills:
 - Level 2.1 Fighting
 * Level 5.0 Polearms
 - Level 3.7 Dodging
 - Level 2.1 Stealth
 - Level 2.0 Spellcasting
 + Level 2.4 Charms
 - Level 3.4 Necromancy


You had 4 spell levels left.
You knew the following spells:

 Your Spells              Type           Power        Failure   Level  Hunger
c - Pain                  Necr           ##..         10%         1    ##.....
r - Regeneration          Chrm/Necr      #.........   24%         3    ####...


Dungeon Overview and Level Annotations

Branches:
Dungeon (4/15)
 Temple: D:4-7

Altars:
Makhleb
Nemelex Xobeh

Annotations:
D:3 Sigmund
D:4 Grinder


Message History

* * * LOW HITPOINT WARNING * * *
You hit Grinder but do no damage.
Grinder is lightly wounded.
Grinder says, "At least Makhleb appreciates what I'm doing."
Grinder hits you!
* * * LOW HITPOINT WARNING * * *
You writhe in agony.
* * * LOW HITPOINT WARNING * * *
You are too injured to fight recklessly!
You are too injured to fight recklessly!
You are too injured to fight recklessly!
You are too injured to fight recklessly!
You are too injured to fight recklessly!
You barely miss Grinder.
Grinder is lightly wounded.
You hit Grinder.
Grinder is lightly wounded.
Grinder gestures at you. Pain shoots through your body!
You die...

#.###.........# #.#
##.#.########## #.#
##.## #.# #.# ..# #.#
#.# # #.# ...
###.###############..#
#...............@5...#
#.#.......############
#.######### ..#####
###...# ......#
###.#.## #<# ##.###.##
#.# #.## ##.#####
#.###


You could see Grinder.

Vanquished Creatures
  A scorpion (D:4)
  A centaur skeleton (D:4)
  An iguana (D:4)
  A worker ant (D:4)
  A gnoll (D:1)
  An adder (D:2)
  5 giant geckos
  An orc (D:3)
  13 bats
  3 giant cockroaches
  7 hobgoblins
  4 jackals (D:3)
  3 giant newts
  6 goblins
  2 kobolds
  7 rats
57 creatures vanquished.

Notes
Turn   | Place    | Note
--------------------------------------------------------------
     0 | D:1      | Kramin the Merfolk Necromancer began the quest for the Orb.
     0 | D:1      | Reached XP level 1. HP: 13/13 MP: 3/3
   355 | D:1      | Reached XP level 2. HP: 18/20 MP: 1/5
   404 | D:1      | Reached skill level 1 in Fighting
  1054 | D:2      | Reached XP level 3. HP: 20/27 MP: 0/6
  1484 | D:2      | Learned a level 3 spell: Regeneration
  1533 | D:2      | Reached skill level 1 in Polearms
  1964 | D:3      | Reached XP level 4. HP: 33/33 MP: 7/7
  2095 | D:3      | Noticed Sigmund
  2758 | D:3      | Found a burning altar of Makhleb.
  3036 | D:4      | Found a sparkling altar of Nemelex Xobeh.
  3100 | D:4      | Reached skill level 1 in Charms
  3243 | D:4      | Reached XP level 5. HP: 17/38 MP: 2/8
  3443 | D:4      | Reached skill level 4 in Polearms
  3521 | D:4      | Reached skill level 5 in Polearms
  3868 | D:4      | Noticed Grinder
  3883 | D:4      | Killed from afar by Grinder

Action                   |  1- 3 |  4- 6 || total
-------------------------+-------+-------++-------
Melee: Unarmed           |     2 |       ||     2
       Dagger            |    10 |       ||    10
       Spear             |    52 |    96 ||   148
 Cast: Pain              |    47 |    35 ||    82
  Use: Scroll            |       |    10 ||    10
       Potion            |       |     2 ||     2
 Stab: Sleeping          |     4 |     1 ||     5
  Eat: Chunk             |     4 |     6 ||    10
       Beef jerky        |       |     1 ||     1
